 Dungeon Crawl Stone Soup version 0.26-a0-808-g930a2b7adc (webtiles) character file.

Game seed: 3757157741497543239

1661 ANON1729 the Slasher (level 9, -7/67 HPs)
             Began as an Octopode Chaos Knight on Nov 12, 2020.
             Was a Plaything of Xom.
             Mangled by a fire crab (glowing shapeshifter) (13 damage)
             ... on level 7 of the Dungeon.
             The game lasted 00:09:55 (7908 turns).

ANON1729 the Slasher (Octopode Chaos Knight)        Turns: 7908, Time: 00:09:56

Health: -7/67      AC:  3    Str: 16    XL:     9   Next: 0%
Magic:  15/15      EV: 16    Int: 25    God:    Xom [....*.]
Gold:   342        SH:  0    Dex: 11    Spells: 3/16 levels left

rFire    . . .     SeeInvis .   a - +0 falchion (chaos)
rCold    + . .     Faith    .   (no shield)
rNeg     . . .     Spirit   .   (helmet restricted)
rPois    .         Reflect  .   (no amulet)
rElec    .         Harm     .   g - +6 ring of intelligence
rCorr    .         Rampage  .   (no ring)
MR       .....     Clarity  +   (no ring)
Stlth    +++.......             (no ring)
HPRegen  0.21/turn              (no ring)
MPRegen  0.14/turn              (no ring)
                                (no ring)
                                (no ring)

@: cleaving, hasted, drained, very quick
A: almost no armour, stealthy swim, amphibious, 8 rings, constrict 8, tentacle
spike 1, repulsion field 1, iridescent scales 1, camouflage 1, clarity, clever
1, cold resistance 1, robust 1, strong 2, gelatinous body 1, evolution 1
a: Renounce Religion


You were on level 7 of the Dungeon.
You worshipped Xom.
You were a beloved toy of Xom.
You visited 1 branch of the dungeon, and saw 7 of its levels.

You collected 342 gold pieces.

Inventory:

Hand Weapons
 a - a +0 falchion of chaos (weapon)
Jewellery
 g - a +6 ring of intelligence (left tentacle)
 s - a +4 ring of slaying {unknown}
 B - an uncursed ring of protection from cold {unknown}
Wands
 l - a wand of random effects (1)
 z - a wand of digging (4)
Scrolls
 b - 6 scrolls of identify {unknown}
 d - 3 scrolls of teleportation {unknown}
 h - 5 scrolls of random uselessness {unknown}
 i - 3 scrolls of magic mapping {unknown}
 j - 5 scrolls of immolation {unknown}
 m - 2 scrolls of enchant weapon {unknown}
 p - a scroll of blinking {unknown}
 r - 4 scrolls of remove curse {unknown}
 y - a scroll of enchant armour {unknown}
 A - a scroll of torment {unknown}
Potions
 c - a potion of attraction {unknown}
 e - a potion of berserk rage {unknown}
 f - a potion of haste
 k - a potion of curing {unknown}
 n - 2 potions of invisibility {unknown}
 q - 3 potions of flight {unknown}
 t - a potion of brilliance {unknown}
 u - 2 potions of might {unknown}
 v - a potion of magic {unknown}
 w - a potion of cancellation {unknown}
 x - a potion of resistance {unknown}


   Skills:
 + Level 5.2(4.4) Fighting
 + Level 5.2(4.5) Long Blades
 + Level 4.9(4.1) Dodging
 + Level 3.8(3.1) Stealth
 * Level 4.4(3.6) Spellcasting
 + Level 2.7(2.0) Hexes
 * Level 2.3(1.6) Transmutations
 + Level 0.0 Ice Magic
 * Level 3.6(2.8) Earth Magic


You had 3 spell levels left.
You knew the following spells:

 Your Spells              Type           Power        Failure   Level
a - Confusing Touch       Hex            ##......     12%         3
b - Petrify               Tmut/Erth      ###.....     36%         4
c - Ice Form              Ice/Tmut       #.......     56%         4
d - Wereblood             Tmut           ##......     8%          2

Your spell library contained the following spells:

 Spells                   Type           Power        Failure   Level
 Beastly Appendage        Tmut           ##....       4%          1
 Corona                   Hex            ##.....      4%          1
 Animate Skeleton         Necr           #.....       10%         1
 Apportation              Tloc           #.....       10%         1
 Summon Small Mammal      Summ           #...         10%         1
 Spider Form              Tmut/Pois      #.........   21%         3
 Gell's Gravitas          Tloc           #.........   28%         3
 Yara's Violent Unravell  Hex/Tmut       ##........   77%         5
 Blade Hands              Tmut           ##........   80%         5
 Metabolic Englaciation   Hex/Ice        #.........   86%         5


Dungeon Overview and Level Annotations

Branches:
Dungeon (7/15)
 Temple: D:4-7

Altars:
Elyvilon
Fedhas
Trog
Xom
Yredelemnul
Zin

Shops:
D:4 [


Innate Abilities, Weirdness & Mutations

You cannot wear most types of armour.
You are very stealthy in the water. (Stealth+)
You are amphibious.
You can wear up to eight rings at the same time.
You can use your tentacles to constrict eight enemies at once.
Your skin changes colour to match your surroundings (Stealth+).
Your rubbery body absorbs attacks. (AC +1, EV +1)
One of your tentacles bears a spike.
You are surrounded by a mild repulsion field. (EV +2)
You are partially covered in iridescent scales. (AC +2)
You possess an exceptional clarity of mind.
Your mind is acute. (Int +2)
Your flesh is cold resistant. (rC+)
You are robust. (+10% HP)
Your muscles are very strong. (Str +4)
You evolve.


Message History

The fire crab claws you!
You are engulfed in flames!
* * * LOW HITPOINT WARNING * * *
You feel much better.
You constrict the fire crab, but do no damage.
The sky beast completely misses you.
You riposte.
You barely miss the sky beast. You squeeze the sky beast.
The sky beast is moderately wounded.
You hit the fire crab but do no damage. The fire crab bites you!
You are engulfed in flames!
* * * LOW HITPOINT WARNING * * *
The fire crab closely misses you.
Evoke which item? (* to show all) (? for menu, Esc to quit)
Okay, then.
You feel yourself speed up.
You constrict the fire crab, but do no damage.
The sky beast closely misses you. The fire crab bites you!
* * * LOW HITPOINT WARNING * * *
You are engulfed in flames!
You die...
Xom chuckles heartily!

#######
#.....#
#.....#
#...@.#
#..Yt.#
.......[.#
...#.....#
.. #.....#
. .......
........
...>......


You could see a fire crab shaped shifter and a sky beast.

Vanquished Creatures
  Grinder (D:6)
  A water moccasin (D:6)
  A phantom (D:5)
  An orc warrior (D:5)
  A centaur (D:6)
  A bullfrog (D:2)
  2 scorpions
  4 wights
  A quasit (D:5)
  4 orc priests
  A bullfrog skeleton (D:4)
  2 iguanas
  3 orc wizards
  3 worker ants (D:4)
  A worker ant zombie (D:5)
  4 gnolls
  10 adders
  3 white imps
  An ufetubus (D:6)
  3 worms (D:3)
  A dart slug (D:1)
  2 leopard geckos
  26 orcs
  A giant cockroach (D:4)
  A hobgoblin (D:2)
  10 jackals
  9 kobolds
  4 quokkas
  A ball python (D:2)
  6 bats
  6 frilled lizards
  5 goblins
  A leopard gecko skeleton (D:4)
  A quokka skeleton (D:6)
  A quokka zombie (D:5)
  8 rats
131 creatures vanquished.

Vanquished Creatures (collateral kills)
  A bullfrog (D:6)
  An orc wizard (D:6)
  3 gnolls (D:4)
  A jackal (D:6)
6 creatures vanquished.

Vanquished Creatures (others)
  A hound (D:5)
  An orc (D:5)
2 creatures vanquished.

Grand Total: 139 creatures vanquished

Notes
Turn   | Place    | Note
-------+----------+-------------------------------------------
     0 | D:1      | ANON1729 the Octopode Chaos Knight began the quest for the
                  | Orb.
     0 | D:1      | Reached XP level 1. HP: 16/16 MP: 1/1
    64 | D:1      | XOM: divination: detect items
    99 | D:1      | XOM: divination: detect items
   230 | D:1      | Reached XP level 2. HP: 20/21 MP: 2/2
   414 | D:1      | XOM: cloud trail
   417 | D:1      | XOM: noise
   551 | D:1      | XOM: silly message
   579 | D:1      | XOM: smoke on damage
   806 | D:2      | XOM: cloud trail
   837 | D:2      | XOM: blink monster(s)
   914 | D:2      | Found a basalt altar of Yredelemnul.
   914 | D:2      | Found a glowing silver altar of Zin.
   914 | D:2      | Found a blossoming altar of Fedhas.
   921 | D:2      | Noticed a bullfrog
   921 | D:2      | a worm changed into a bullfrog
   923 | D:2      | Killed a bullfrog
   923 | D:2      | Reached skill level 1 in Spellcasting
   923 | D:2      | Reached XP level 3. HP: 13/27 MP: 2/4
   923 | D:2      | Reached XP level 4. HP: 15/33 MP: 2/5
  1111 | D:2      | XOM: cloud trail
  1166 | D:2      | Reached XP level 5. HP: 19/37 MP: 5/7
  1965 | D:3      | Found a shimmering altar of Xom.
  2060 | D:3      | XOM: god gift: 46 gold pieces
  2063 | D:3      | XOM: give mutations
  2063 | D:3      | Gained mutation: You are robust. (+10% HP) [Xom's grace]
  2063 | D:3      | Gained mutation: You are somewhat resistant to further
                  | mutation. [Xom's grace]
  2063 | D:3      | Gained mutation: One of your tentacles bears a spike.
                  | [Xom's grace]
  2063 | D:3      | Gained mutation: Your muscles are strong. (Str +2) [Xom's
                  | grace]
  2508 | D:3      | XOM: confuse monster(s)
  2618 | D:3      | XOM: polymorph butterfly -> bat
  2801 | D:3      | Reached XP level 6. HP: 39/47 MP: 7/9
  3111 | D:4      | Learned a level 3 spell: Confusing Touch
  3192 | D:4      | XOM: cloud trail
  3411 | D:4      | XOM: blink monster(s)
  3823 | D:4      | Learned a level 4 spell: Petrify
  3827 | D:4      | Reached skill level 1 in Stealth
  3827 | D:4      | Reached skill level 1 in Hexes
  3910 | D:4      | XOM: polymorph ogre -> wolf
  3911 | D:4      | XOM: polymorph wolf -> scorpion
  3912 | D:4      | XOM: summons 3 friendly demons
  3922 | D:4      | Reached XP level 7. HP: 50/53 MP: 9/11
  4094 | D:4      | XOM: scenery: 1 doors open
  4242 | D:4      | Found Navug's Antique Armour Emporium.
  4298 | D:4      | XOM: scenery: 1 doors open
  4663 | D:4      | XOM: scenery: create altars
  4669 | D:4      | Reached skill level 1 in Earth Magic
  4848 | D:4      | XOM: give mutations
  4848 | D:4      | Gained mutation: Your mind is acute. (Int +2) [Xom's grace]
  4848 | D:4      | Gained mutation: You are surrounded by a mild repulsion
                  | field. (EV +2) [Xom's grace]
  4848 | D:4      | Gained mutation: Your muscles are very strong. (Str +4)
                  | [Xom's grace]
  4848 | D:4      | Gained mutation: You possess an exceptional clarity of
                  | mind. [Xom's grace]
  4867 | D:5      | Entered Level 5 of the Dungeon
  4905 | D:5      | XOM: cleaving
  5100 | D:5      | XOM: summons 3 hostile shadow creatures
  5229 | D:5      | XOM: 1-stop teleportation journey
  5270 | D:5      | XOM: fake destruction
  5275 | D:5      | Reached skill level 1 in Transmutations
  5275 | D:5      | XOM: fake destruction
  5400 | D:5      | XOM: give mutations
  5400 | D:5      | Gained mutation: Your flesh is cold resistant. (rC+) [Xom's
                  | grace]
  5400 | D:5      | Gained mutation: You are partially covered in iridescent
                  | scales. (AC +2) [Xom's grace]
  5400 | D:5      | Lost mutation: You are somewhat resistant to further
                  | mutation. [Xom's grace]
  5400 | D:5      | Gained mutation: You evolve. [Xom's grace]
  5610 | D:5      | XOM: summons 3 friendly demons
  5773 | D:5      | Reached XP level 8. HP: 59/59 MP: 13/13
  5778 | D:5      | Found a bloodstained altar of Trog.
  5875 | D:5      | XOM: destruction
  5884 | D:5      | XOM: 5-stop teleportation journey
  6116 | D:5      | XOM: stat loss: -1 Str (15/16)
  6141 | D:5      | XOM: summons 5 hostile demons
  6482 | D:5      | XOM: noise
  6573 | D:5      | XOM: cloud trail
  6601 | D:6      | XOM: chaos upgrade
  6636 | D:6      | Reached skill level 5 in Long Blades
  6640 | D:6      | Found a white marble altar of Elyvilon.
  7055 | D:6      | Reached skill level 5 in Fighting
  7119 | D:6      | Noticed Grinder
  7126 | D:6      | Killed Grinder
  7658 | D:6      | Reached XP level 9. HP: 47/67 MP: 15/15
  7664 | D:6      | Learned a level 4 spell: Ice Form
  7667 | D:6      | Learned a level 2 spell: Wereblood
  7801 | D:6      | XOM: scenery: create altars
  7891 | D:6      | Noticed a glowing shapeshifter
  7891 | D:6      | a scorpion changed into a glowing shapeshifter
  7891 | D:6      | XOM: polymorph scorpion -> glowing shapeshifter
  7891 | D:6      | Noticed a lindwurm
  7891 | D:6      | a glowing shapeshifter changed into a lindwurm
  7899 | D:6      | Noticed a two-headed ogre
  7899 | D:6      | a lindwurm changed into a two-headed ogre
  7900 | D:6      | Noticed a glowing shapeshifter
  7900 | D:6      | a two-headed ogre changed into a glowing shapeshifter
  7901 | D:6      | a glowing shapeshifter changed into a redback
  7902 | D:6      | XOM: cleaving
  7904 | D:7      | Noticed a fire crab
  7904 | D:7      | a redback changed into a fire crab
  7905 | D:7      | HP: 2/67 [fire crab (glowing shapeshifter) (15)]
  7908 | D:7      | Mangled by a fire crab (glowing shapeshifter)

Illustrated notes

Levels and vault maps discovered:
D:1:      lordsloth_arrival_two_stooges, layout_basic, serial_forest,
          infiniplex_forest_lined_corner, infiniplex_forest_clump_small,
          infiniplex_forest_straight_3, infiniplex_forest_corner_2,
          infiniplex_forest_corner_1, infiniplex_forest_lined_corner,
          infiniplex_forest_lined_3
D:2:      layout_loops_ring, gammafunk_temple_overflow_claw, kennysheep_boxes
D:3:      layout_basic, xom_butterflies
D:4:      layout_basic, serial_shops, shop_statue
D:5:      layout_rooms, marbit_many_paths, serial_co_window_serial,
          co_window_of_opportunity_a, co_window_of_opportunity_a,
          co_window_of_opportunity_a, co_window_paths_a, co_window_paths_a,
          co_window_broadway_a, co_window_unsneaky_path_d, co_window_corner_b,
          co_window_broadway_a, co_window_paths_e, glass_columns_c,
          glass_columns_a, glass_columns_a, glass_columns_a, glass_columns_a,
          serial_park_tiny_pond, chequers_serial_rivers_small_3
D:6:      layout_basic, elyvilon_altar_4, minmay_temple_entry_poolview,
          uniq_grinder
D:7:      layout_rooms, gammafunk_ghost_berserking_beasts, uniq_joseph

Skill      XL: |  1  2  3  4  5  6  7  8 |
---------------+-------------------------+-----
Dodging        | 3 4 |  4.9
Spellcasting   | 1 2 3 4 |  4.4
Long Blades    | 4 5 |  5.2
Fighting       | 4 5 |  5.2
Stealth        | 1 2 3 |  3.8
Hexes          | 1 2 |  2.7
Earth Magic    | 2 3 |  3.6
Transmutations | 1 2 |  2.3

Action                   |  1- 3 |  4- 6 |  7- 9 || total
-------------------------+-------+-------+-------++-------
Melee: Falchion          |    30 |   129 |   146 ||   305
       Constrict         |    11 |    33 |    44 ||    88
       Tentacles         |     8 |    31 |    32 ||    71
       Kick              |       |    25 |    53 ||    78
 Cast: Confusing Touch   |       |       |     1 ||     1
Evoke: Wand              |       |       |     9 ||     9
  Use: Potion            |       |       |     5 ||     5
 Stab: Sleeping          |     2 |     4 |     6 ||    12
       Petrifying        |     1 |     1 |       ||     2
       Paralysed         |       |     1 |     1 ||     2
       Confused          |       |       |     3 ||     3
       Petrified         |       |       |     1 ||     1
Armor: Skin              |     2 |     5 |    14 ||    21
Dodge: Dodged            |    17 |    92 |   134 ||   243
       Rpst.: Falchion   |     7 |    27 |    41 ||    75

Table legend: (Time is in decaauts)
 A = Elapsed time spent in this place.
 B = Non-inter-level travel time spent in this place.
 C = Inter-level travel time spent in this place.
 D = Time resting spent in this place.
 E = Time spent auto-exploring this place.
 F = Levels seen in this place.
 G = Mean time per level.
                   A        B        C        D        E       F      G
               +--------+--------+--------+--------+--------+-----+--------+
         Total |   7915 |   7696 |    219 |   1853 |   4816 |   7 | 1130.7 |
       Dungeon |   7915 |   7696 |    219 |   1853 |   4816 |   7 | 1130.7 |
               +--------+--------+--------+--------+--------+-----+--------+

Top non-repeatable levels by time:
     D:5: 2317 daAuts
     D:4: 1889 daAuts
     D:3: 1147 daAuts
     D:2: 1042 daAuts
     D:1: 804 daAuts
     D:6: 708 daAuts
     D:7: 5 daAuts
